 Dungeon Crawl Stone Soup version 0.29.1-12-g30fa7ad0bf (webtiles) character file.

Game seed: 14353638987636139551

22 EarthwalkerPL the Chopper (level 2, -8/25 HPs)
             Began as a Hill Orc Gladiator on Jan 6, 2023.
             Killed from afar by Jessica (12 damage)
             ... with a bolt of light
             ... on level 2 of the Dungeon.
             The game lasted 00:01:02 (1000 turns).

EarthwalkerPL the Chopper (Hill Orc Gladiator)      Turns: 1000, Time: 00:01:02

Health: -8/25      AC:  9    Str: 16    XL:     2   Next: 91%
Magic:  2/2        EV:  7    Int:  8    God:
Gold:   71         SH:  0    Dex: 12    Spells: 1/1 levels left

rFire   . . .      SeeInvis .   a - +0 war axe
rCold   . . .      Faith    .   (no shield)
rNeg    . . .      Spirit   .   j - +0 chain mail
rPois   .          Reflect  .   c - +0 helmet
rElec   .          Harm     .   (no cloak)
rCorr   .          Rampage  .   (no gloves)
Will    .....                   (no boots)
Stlth   ..........              (no amulet)
HPRegen 0.08/turn               (no ring)
MPRegen 0.08/turn               (no ring)

@: lethally poisoned (-8 -> -15)
A: no striking features
a: no special abilities


You were on level 2 of the Dungeon.
You visited 1 branch of the dungeon, and saw 2 of its levels.

You collected 71 gold pieces.

Inventory:

Hand Weapons
 a - a +0 war axe (weapon)
Missiles
 d - 3 throwing nets (quivered)
 e - a javelin
Armour
 b - a +0 leather armour
 c - a +0 helmet (worn)
 j - a +0 chain mail (worn)
Scrolls
 f - a scroll of identify {unknown}
 g - a scroll of vulnerability {unknown}
 k - a scroll of poison {unknown}
 l - a scroll of silence {unknown}
Potions
 h - 2 potions of resistance {unknown}
 i - a potion of heal wounds {unknown}


   Skills:
 * Level 2.9 Fighting
 * Level 4.3 Axes
 - Level 1.7 Throwing
 * Level 1.2 Armour
 * Level 2.6 Dodging


You had one spell level left.
You didn't know any spells.
Your spell library contained the following spells:

 Spells                   Type           Power      Damage    Failure   Level
 Ensorcelled Hibernation  Hex/Ice        0%         N/A       100%        2
 Passwall                 Tmut/Erth      0%         N/A       100%        2
 Swiftness                Air            0%         N/A       100%        3


Dungeon Overview and Level Annotations

Branches:
Dungeon (2/15)

Altars:

Annotations:
D:2 Jessica


Message History

You slash the quokka!
You kill the quokka!
No target in view!
No target in view!
No target in view!
HP restored.
l - a scroll labelled WAPSAR ODWERPH You see here a +0 club.
Jessica the Apprentice Sorceress comes into view.
She is wielding a +2 dagger of venom, wearing a +1 robe of the Archmagi and carrying a wand of light (12).
Jessica gestures wildly while chanting.
Jessica seems to speed up.
Jessica zaps a wand.
The bolt of light hits you.
Jessica points at you and mumbles some strange words.
Pain shoots through your body!
Ouch! That really hurt!
* * * LOW HITPOINT WARNING * * *
You are too injured to fight recklessly!
You are too injured to fight recklessly!
You are too injured to fight recklessly!
You are too injured to fight recklessly!
You are too injured to fight recklessly!
You are too injured to fight recklessly!
You are too injured to fight recklessly!
You are too injured to fight recklessly!
You are too injured to fight recklessly!
You are too injured to fight recklessly!
You are too injured to fight recklessly!
You are too injured to fight recklessly!
You are too injured to fight recklessly!
You are too injured to fight recklessly!
You are too injured to fight recklessly!
You are too injured to fight recklessly!
You are too injured to fight recklessly!
Unknown command.
You hit Jessica but do no damage.
Jessica hits you with a +2 dagger of venom.
* * * LOW HITPOINT WARNING * * *
You are lethally poisoned!
Jessica zaps a wand.
The bolt of light hits you!
You die...

############# #
#.#.........# ≈≈≈
#...........#
#...##..........#
#...@@.....)...#
######....######
#..#....#
#.#..#.##
.....#..#
....###.## #### #
....#####.# ##..#
#. ##..
#....###...# ..##
#.# #.####.....#


You could see Jessica (fast).

Vanquished Creatures
  2 endoplasms (D:1)
  A giant cockroach (D:1)
  2 goblins (D:2)
  2 hobgoblins (D:1)
  4 jackals (D:1)
  2 kobolds
  A quokka (D:2)
  3 frilled lizards (D:1)
  2 rats (D:1)
19 creatures vanquished.

Notes
Turn   | Place    | Note
-------+----------+-------------------------------------------
     0 | D:1      | EarthwalkerPL the Hill Orc Gladiator began the quest for
                  | the Orb.
     0 | D:1      | Reached XP level 1. HP: 18/18 MP: 1/1
   249 | D:1      | Reached XP level 2. HP: 18/25 MP: 2/2
   712 | D:1      | Reached skill level 1 in Armour
   996 | D:2      | Noticed Jessica
  1000 | D:2      | Killed from afar by Jessica

Illustrated notes

Levels and vault maps discovered:
D:1:      lightli_arrival_statue_moat, layout_basic, minivault_14
D:2:      layout_rooms, shapermc_ecumenical_altar_pompeii, serial_rivers,
          chequers_serial_rivers_micro_a, chequers_serial_rivers_marsh,
          chequers_serial_rivers_micro_e, chequers_serial_rivers_room_b,
          chequers_serial_rivers_micro_b, uniq_jessica

Skill      XL: |  1  2 |
---------------+-------+-----
Armour         | 1 |  1.2
Fighting       | |  2.9
Axes           | |  4.3
Throwing       | |  1.7
Dodging        | |  2.6

Action                   || total
-------------------------++-------
Melee: War axe           ||    38
Armor: Leather armour    ||     6
       Chain mail        ||     8
Dodge: Dodged            ||    17
